Cogmind - Beta 14 @@@ ROGUE MODE // 2025.01.10 @ 20:56:47 Player: jaskarth Result: Self-destructed Performance ------------- Evolutions (1) 500 Regions Visited (2) 400 Robots Destroyed (27) 135 Value Destroyed (820) 820 Prototype IDs (4) 80 Alien Tech Used (0) 0 Bonus (0) 0 TOTAL SCORE: 1935 Bonus ------- None Cogmind --------- Core Integrity 250/400 Matter 290/300 Energy 86/100 System Corruption 4% Temperature Cool (0) Movement Core (300) Ox5 Location -9/Materials Parts ------- > --- POWER (1) -------- (None) > --- PROPULSION (3) --- (None) > --- UTILITY (2) ------ Heat Sink Medium Storage Unit > --- WEAPON (3) ------- Particle Gun Advanced Beam Rifle Advanced Beam Rifle > --- INVENTORY (10) --- Aluminum Leg Aluminum Leg Aluminum Leg Aluminum Leg Aluminum Leg Signal Interpreter Light Assault Rifle Grenade Launcher Peak State ------------ > --- POWER ------------ Light Nuclear Core > --- PROPULSION ------- Aluminum Leg Aluminum Leg Aluminum Leg > --- UTILITY ---------- Heat Sink Medium Storage Unit > --- WEAPON ----------- Particle Gun Particle Gun Improved Assault Rifle > --- INVENTORY -------- Aluminum Leg Aluminum Leg Aluminum Leg Aluminum Leg Signal Interpreter Light Assault Rifle Grenade Launcher [Rating: 15] Favorites ----------- Power Light Nuclear Core Engine Light Ion Engine Power Core Light Nuclear Core Propulsion Aluminum Leg Treads Light Treads Leg Aluminum Leg Utility Small Storage Unit Device Heat Sink Storage Small Storage Unit Weapon Particle Gun Energy Gun Particle Gun Ballistic Gun Light Assault Rifle Launcher Grenade Launcher Build | -11 -10 -9 ------- Run | Yrd Mat Mat Slots Evolved 2 | . . 2 Power . | . . . Propulsion 1 | . . 1 Utility . | . . . Weapon 1 | . . 1 Parts Attached 28 | 8 11 9 Power 3 | 1 2 . Engine 2 | 1 1 . Core 1 | . 1 . Reactor . | . . . Propulsion 7 | 4 2 1 Treads 2 | 2 . . Leg 5 | 2 2 1 Wheel . | . . . Hover . | . . . Flight . | . . . Utility 4 | 1 2 1 Device 2 | . 1 1 Storage 2 | 1 1 . Processor . | . . . Hackware . | . . . Protection . | . . . Artifact . | . . . Weapon 14 | 2 5 7 Energy Gun 6 | 2 2 2 Energy Cannon . | . . . Ballistic Gun 6 | . 2 4 Ballistic Cannon . | . . . Launcher 2 | . 1 1 Special Weapon . | . . . Impact Weapon . | . . . Slashing Weapon . | . . . Piercing Weapon . | . . . Special Melee Weapon . | . . . Unidentified Prototypes 2 | . . 2 Parts Lost 10 | . 5 5 Power 3 | . 2 1 Propulsion 4 | . 1 3 Utility 1 | . . 1 Weapon 2 | . 2 . Highest Loss Streak 4 | . 4 3 To Critical Strikes . | . . . Average Slot Usage (%) 88 | . 88 88 Engine 4 | . 6 . Core 6 | . 6 7 Leg 27 | . 27 27 Device 7 | . 6 9 Storage 13 | . 14 11 Energy Gun 23 | . 22 25 Ballistic Gun 5 | . 5 7 Peak Build Rating 15 | 6 11 15 Average Rating 8 | 3 7 12 On Entrance 5 | . 6 11 Naked Turns . | . . . Heaviest Build 25 | 12 22 25 Greatest Support 40 | 40 20 30 Greatest Overweight (x) 5 | . 1 5 Average Overweight (x) . | . . . Largest Inventory Capacity 10 | 8 10 10 Average Capacity 8 | 6 8 10 Most Carried 9 | 6 8 9 Average Carried 5 | 3 5 6 Final Capacity 10 | 8 10 10 Final Carried 8 | 3 8 8 Class Distribution -------------------- 41% | Mutant 30% | Scavenger-Mutant 23% | Scavenger-Gunner 3% | Gunner Dominant Class ---------------- Mutant | -10/Materials Scavenger-Gunner | -9/Materials Resources | -11 -10 -9 ----------- Run | Yrd Mat Mat Matter Collected 542 | 188 209 145 Remotely . | . . . Salvage Created 827 | . 430 397 Parts 49 | . 21 28 Haulers Intercepted 2 | . 1 1 Recyclers Shooed 5 | . . 5 Parts Field Recycled . | . . . Retrieved Matter . | . . . Parts Self-Destructed . | . . . Prevented . | . . . Kills | -11 -10 -9 ------- Run | Yrd Mat Mat Combat Hostiles Destroyed 23 | . 12 11 Guns 16 | . 9 7 AOE 7 | . 3 4 Classes Destroyed 5 | . 4 1 Hauler 2 | . 1 1 Watcher 2 | . 1 1 Swarmer 3 | . 3 . Grunt 19 | . 9 10 Brawler 1 | . . 1 Best Kill Streak 6 | . 3 6 Combat Bots Only 6 | . 3 6 Max Kills in Single Turn 2 | . 2 2 Gunslinging 1 | . . 1 Exploded 2 | . 2 2 Melee . | . . . Uniques/NPCs Destroyed . | . . . Combat | -11 -10 -9 -------- Run | Yrd Mat Mat Hostile Shots Fired 158 | . 83 75 Missed 47 | . 20 27 Damage Taken 1291 | . 756 535 Core 329 | . 179 150 Absorbed by Shields . | . . . Core Remaining (%) 64 | 100 28 . Volleys Fired 71 | . 46 25 Largest 3 | . 2 3 Hottest 187 | . 115 187 Shots Fired 128 | . 69 59 Gun 119 | . 66 53 Cannon . | . . . Launcher 9 | . 3 6 Special . | . . . Kinetic 25 | . 12 13 Thermal 94 | . 54 40 Explosive 9 | . 3 6 Electromagnetic . | . . . Robot Hit Streak 9 | . 5 9 Robot Miss Streak 3 | . 2 3 Penetration Max . | . . . Secondary Targets 2 | . 1 1 Max Gunslinging Chain 1 | . 1 1 Shots Hit Robots 75 | . 38 37 Core Hits 46 | . 21 25 Critical Kills . | . . . Critical Parts Destroyed . | . . . Critical Strikes 1 | . 1 . Burn 1 | . 1 . Melee Attacks . | . . . Impact . | . . . Slashing . | . . . Piercing . | . . . Sneak Attacks . | . . . Combat Hostiles . | . . . Follow-up Attacks . | . . . Damage Inflicted 1482 | . 608 874 Guns 1053 | . 507 546 Cannons . | . . . Explosions 424 | . 101 323 Melee . | . . . Ramming 5 | . . 5 Kinetic 75 | . 32 43 Thermal 978 | . 475 503 Explosive 424 | . 101 323 Electromagnetic . | . . . Impact . | . . . Slashing . | . . . Piercing . | . . . Highest Corruption 4 | . . 4 Average Corruption 4 | . . 4 Corruption Purged . | . . . Corruption Blocked . | . . . Effects 6 | . . 6 Message Errors 1 | . . 1 Matter Fused 1 | . . 1 Heat Flow Errors 1 | . . 1 Energy Discharges 1 | . . 1 Data Loss (minor) 2 | . . 2 Overload Shots . | . . . Overflow Damage 27 | . 27 . Projectiles . | . . . Explosions 27 | . 27 . Melee . | . . . Knockbacks . | . . . Impact . | . . . Kinetic . | . . . Secondary . | . . . Self-Inflicted Damage 3 | . 3 . Shots 1 | . 1 . Rammed . | . . . Targets Rammed 2 | . . 2 Kicked 2 | . . 2 Crushed . | . . . Highest Temperature 390 | . 390 357 Average Temperature 131 | . 145 112 Received Heat Transfer 735 | . 438 297 Effects 3 | . 2 1 Shutdowns 1 | . 1 . Interference 1 | . 1 . Damage (minor) 1 | . . 1 Siege Activations . | . . . Robots Corrupted . | . . . Combat Hostiles . | . . . Parts Fried . | . . . Impact Corruptions . | . . . Robots Melted . | . . . Combat Hostiles . | . . . Parts Melted 4 | . 3 1 Heat Transferred 2516 | . 1369 1147 Parts Sabotaged . | . . . Parts Stolen . | . . . Parts Stripped . | . . . Power Chain Reactions . | . . . Alert | -11 -10 -9 ------- Run | Yrd Mat Mat Peak Influence 374 | . 231 374 Initial 97 | . . 97 Average 101 | . 59 227 Maximum Alert Level 1 | . 1 1 Low Security (%) 79 | 100 91 43 Level 1 20 | . 8 56 Level 2 . | . . . Level 3 . | . . . Level 4 . | . . . Level 5 . | . . . High Security . | . . . Max Security . | . . . Squads Dispatched 5 | . 2 3 Investigation 1 | . 1 . Extermination . | . . . Reinforcement 4 | . 1 3 Assault . | . . . Garrison . | . . . Intercept . | . . . Searches Triggered . | . . . Construction Impeded 1 | . . 1 Haulers Reinforced . | . . . Active Scanning Responses . | . . . Cargo Convoy Interrupts . | . . . Stealth | -11 -10 -9 --------- Run | Yrd Mat Mat Distress Signals 4 | . 2 2 Communications Jammed . | . . . Distress Signals . | . . . Times Spotted 36 | . 16 20 Peak Tracking Total 4 | . 4 4 Tactical Retreats 2 | . 2 . Traps | -11 -10 -9 ------- Run | Yrd Mat Mat Traps Triggered 1 | . 1 . Indirectly . | . . . Trap Hack Attempts . | . . . Triggered . | . . . Disarmed . | . . . Reprogrammed . | . . . Reused . | . . . Traps Extracted . | . . . Installed . | . . . Triggered . | . . . Machines | -11 -10 -9 ---------- Run | Yrd Mat Mat Machines Disabled 2 | . . 2 Max in Single Turn 1 | . . 1 Machines Repaired . | . . . Machines Dismantled . | . . . Machines Sabotaged . | . . . Overloaded Fab Kills . | . . . Hacking | -11 -10 -9 --------- Run | Yrd Mat Mat Machines Accessed 3 | . 3 . Terminals 3 | . 3 . Fabricators . | . . . Repair Stations . | . . . Recycling Units . | . . . Scanalyzers . | . . . Garrison Access . | . . . Total Hacks 9 | . 9 . Successful 4 | . 4 . Failed 5 | . 5 . Catastrophic 1 | . 1 . Database Lockouts . | . . . Manual 5 | . 5 . Terminals 9 | . 9 . Fabricators . | . . . Repair Stations . | . . . Recycling Units . | . . . Scanalyzers . | . . . Garrison Access . | . . . Terminal Hacks 4 | . 4 . Record 1 | . 1 . Prototype ID Bank 1 | . 1 . Hauler Manifests 1 | . 1 . Zone Layout 1 | . 1 . Fabricator Hacks . | . . . Repair Station Hacks . | . . . Recycling Unit Hacks . | . . . Scanalyzer . | . . . Garrison Access Hacks . | . . . Unauthorized Hacks . | . . . Terminals . | . . . Fabricators . | . . . Repair Stations . | . . . Recycling Units . | . . . Scanalyzers . | . . . Garrison Access . | . . . Data Cores Recovered . | . . . Used . | . . . Hacking Detections 3 | . 3 . Full Trace Events . | . . . Feedback Events . | . . . Feedback Blocked . | . . . Robot Schematics Acquired . | . . . Robots Built . | . . . Authchips . | . . . Time . | . . . Total Robot Build Rating . | . . . Part Schematics Acquired . | . . . Parts Built . | . . . Authchips . | . . . Time . | . . . Total Part Build Rating . | . . . Parts Repaired . | . . . Time . | . . . Parts Recycled . | . . . Recycled Matter . | . . . Retrieved Matter . | . . . Retrieved Components . | . . . Parts Scanalyzed . | . . . Part Schematics Acquired . | . . . Parts Damaged . | . . . Bothacking | -11 -10 -9 ------------ Run | Yrd Mat Mat Used RIF Installer . | . . . Robots Hacked . | . . . Non-combat . | . . . Combat . | . . . Robot Hacks Applied . | . . . Relay Couplers Released . | . . . Fabnet Peak Effective % . | . . . Robots Rewired . | . . . Allies Hacked . | . . . Hacks Repelled . | . . . Allies | -11 -10 -9 -------- Run | Yrd Mat Mat Total Allies . | . . . Largest Group . | . . . Highest-Rated Group . | . . . Highest-Rated Ally . | . . . Total Orders . | . . . Ally Attacks . | . . . Total Damage . | . . . Kills . | . . . Allies Corrupted . | . . . Allies Melted . | . . . Intel | -11 -10 -9 ------- Run | Yrd Mat Mat Robot Analysis Total . | . . . Derelict Logs Recovered . | . . . Drone Launches . | . . . Drone Recoveries . | . . . Exploration | -11 -10 -9 ------------- Run | Yrd Mat Mat Turns Passed 1000 | 60 670 270 Spaces Moved 451 | 39 301 111 Core 22 | 10 . 12 Treads 3 | 3 . . Legs 426 | 26 301 99 Wheels . | . . . Hover . | . . . Flight . | . . . Fastest Speed 50 | 50 120 120 Average Speed 126 | 105 124 139 Slowest Speed 300 | 160 190 300 Overloaded Moves . | . . . Propulsion Burnouts . | . . . Robots Hopped . | . . . Cave-ins Triggered . | . . . Exploration Rate (%) 24 | 3 51 19 Regions Visited 2 Branch Regions . Pre-discovered Areas . | . . . Known Exits Taken . | . . . Unknown Exits Taken 2 | 1 1 . Scrap Searched . | . . . Spaces Dug . | . . . Terrain Destroyed 27 | . 20 7 Melee . | . . . Projectile . | . . . AOE 27 | . 20 7 Terrain Rammed . | . . . Walls Destroyed . | . . . Machines Disabled . | . . . Actions | -11 -10 -9 --------- Run | Yrd Mat Mat Total 770 | 55 534 181 Wait 185 | 3 155 27 Move 449 | 38 300 111 Hop . | . . . Pick Up 27 | 6 16 5 Fast Attach 3 | 3 . . Attach 15 | 3 7 5 Detach . | . . . Swap 10 | 2 4 4 Drop 8 | . 6 2 Fire 71 | . 46 25 Melee . | . . . Ram . | . . . Kick 2 | . . 2 Crush . | . . . Escape Stasis . | . . . Rewire . | . . . Trap . | . . . Miscellaneous . | . . . Route ------- -11/Scrapyard -10/Materials -9/Materials History --------- Turn | Location | Event 10 | -11/Scrapyard | Discovered new exit (range 15) 61 | -11/Scrapyard | Entered Materials 310 | -10/Materials | Build established: Mutant 424 | -10/Materials | Core integrity fell below 50% 434 | -10/Materials | Lost 4 parts (1p1n2w) 688 | -10/Materials | Discovered new exit (range 15) 716 | -10/Materials | Build established: Scavenger-Mutant 731 | -10/Materials | Entered another Materials area 731 | -9/Materials | Evolved 2 slots: Propulsion x1, Weapon x1 991 | -9/Materials | Lost 3 parts (3n) 1001 | -9/Materials | Self-destructed Last Messages --------------- K-01 Serf collects debris. A-02 Transporter destroyed. R-06 Scavenger collects Aluminum Leg. K-01 Serf collects debris. R-06 Scavenger collects Prototype Flight Unit. K-01 Serf collects debris. Acquired 6 matter. K-01 Serf collects debris. W-16 Scout sends out distress signal. K-01 Serf collects debris. R-06 Scavenger collects Faulty Imp. EM Shotgun. K-01 Serf collects debris. R-06 Scavenger collects Sml. Laser. K-01 Serf collects debris. R-06 Scavenger collects Prototype Engine. K-01 Serf collects debris. R-06 Scavenger collects Lgt. Treads. K-01 Serf collects debris. System corrupted: Matter fused (-10). K-01 Serf collects debris. Map ----- +----------------------------------------------------+ | ?????????????????????????????????????????????????? | | ?????????????????????????????????????????????????? | | ?????????????????????????????????????????????????? | | ?????????????????????????????????????????????????? | | ?????????????????????????????????????????????????? | | ?? ?????????????????????????????????????????????? | | ?? ????????????????????????????????????????????? | | #? ????????????????????????????????????????????? | | T# ???????????????????????????????????????????? | | ????? ?????????????????????????????????? | | ???? ??? ????????????????????????? | | T ^ ???? ?? ????????????????????????? | | " """"" ??? ???????????????????????? | | ^ """"""""" ?? #???????????????????????? | | """ """ ##??# #???????????????????????? | | T#??# #???????????????????????? | | #???# #???????????????????????? | | " """"" ##### #???????????????????????? | | """" """ """?# #???????????????????????? | | "" T"?# #???????????????????????? | | ""??# +???????????????????????? | | % #???# #???????????????????????? | | #???# #####???????????????????? | | ^ #######/## #???#! [[#???????????????????? | | #### # ######o #???????????????????? | | ???# # # T #% @ !!#???????????????????? | | ???# # %/ + % !!#???????????????????? | | ???# ""# # # r %!!#???????????????????? | | ???# """# # % # k k[!!#???????????????????? | | ???# "" # # # ag#####???????????????????? | | ???# """# # # #???????????????????????? | | ???# """# # # #???????????????????????? | | ???# """# # # g#???????????????????????? | | ???# "?# # !% # #???????????????????????? | | ???# ?# ###/## #???????????????????????? | | ???#######?# #?#*= #???????????????????????? | | ##?????????# ? #???????????????????????? | | #?????????# ? #???????????????????????? | | #????????? ? #???????????????????????? | | #?????????###+##?#### #???????????????????????? | | #???????????????????# /???????????????????????? | | #???????????????????# ????????????????????????? | | #???????????????????# ????????????????????????? | | #???????????????????? ????????????????????????? | | #???????????????????????????????????????????????? | | #???????????????????????????????????????????????? | | ##???????????????????????????????????????????????? | | ?????????????????????????????????????????????????? | | ?????????????????????????????????????????????????? | | ?????????????????????????????????????????????????? | +----------------------------------------------------+ Best States ------------- Heat Dissipation 38 Energy Generation 14 Energy Capacity 250 Matter Stores 300 Matter Capacity 300 Sight Range 16 Terrain Scan Density 10 Evasion (%) 55 Recoil Reduction 2 Item Schematics ----------------- None Robot Schematics ------------------ None Fabricated ------------ Nothing Alien Tech Used ----------------- None Achievements -------------- None Challenges ------------ None Game ------ Seed VortexEnhancedStatue Manual? 0 Play Time 00:20:33 Cumulative 6.3 hours Start 2025.01.10 @ 20:34:41 End 2025.01.10 @ 20:56:47 Sessions 1 Manual Loads 0 Difficulty Rogue Special Mode None Game No. 8 Rogue 5 Adventurer 1 Explorer 2 Win Type - Total 0 Types 0/0/0/0/0/0/0/0/0 Lore% 1 Gallery% 9 Achievement% 13 Wizard Run 0 Options --------- Layout 1 ASCII 0 Keyboard 0 Movement Mouse Keybinds 0 Fullscreen 1 Font 24/Smallcaps Map View 50x35 Zoom Use 0% Tactical HUD 0 Map Filters NONE Filters NONE Steam 1 RUN: 56144109-08df-4748-9ba8-68885a8b3651